 Dungeon Crawl Stone Soup version 0.24-a0-762-gca426f56c8 (webtiles) character file.

Game seed: 18389593001540928518, levelgen mode: deterministic

30 Arixos the Ducker (level 3, 0/15 HPs)
             Began as a Felid Transmuter on Oct 2, 2019.
             Succumbed to a kobold's poison
             ... on level 1 of the Dungeon.
             The game lasted 00:06:10 (1227 turns).

Arixos the Ducker (Felid Transmuter)                Turns: 1227, Time: 00:06:11

Health: 0/15       AC:  1    Str:  7    XL:     3   Next: 5%
Magic:  7/7        EV: 18    Int: 14    God:
Gold:   25         SH:  0    Dex: 16    Spells: 6/6 levels left
                                        Lives:  0   Deaths: 0

rFire    . . .     SeeInvis +     - Unarmed
rCold    . . .     Gourm    .   (shield unavailable)
rNeg     . . .     Faith    .   (armour unavailable)
rPois    .         Spirit   .   (helmet unavailable)
rElec    .         Reflect  .   (cloak unavailable)
rCorr    .         Harm     .   (gloves unavailable)
MR       .....                  (boots unavailable)
Stlth    ++........             (no amulet)
HPRegen  0.05/turn              (no ring)
MPRegen  0.10/turn              (no ring)

@: lethally poisoned (0 -> -7), quick
A: very small, no armour, no weapons or thrown items, stealth, claws 1, fangs 3,
see invisible, carnivore, speed 1, shaggy fur 1, slow metabolism 1, sharp paws
a: no special abilities


You were on level 1 of the Dungeon.
You were completely stuffed.

You visited 1 branch of the dungeon, and saw 1 of its levels.

You collected 25 gold pieces.

Inventory:

Missiles
 a - 12 arrows
Comestibles
 c - 2 rations


   Skills:
 + Level 1.6 Fighting
 + Level 3.2 Dodging
 + Level 1.4 Stealth
 + Level 3.2 Unarmed Combat
 + Level 2.1 Spellcasting
   Level 2.5 Transmutations


You had 6 spell levels left.
You didn't know any spells.
Your spell library contained the following spells:

 Spells                   Type           Power        Failure   Level  Hunger
 Beastly Appendage        Tmut           #.....       9%          1    #......
 Sticks to Snakes         Tmut           #.......     13%         2    ###....
 Spider Form              Tmut/Pois      #.........   38%         3    ###....
 Ice Form                 Ice/Tmut       #.......     80%         4    #####..
 Blade Hands              Tmut           #.........   93%         5    ######.


Dungeon Overview and Level Annotations

Branches:
Dungeon (1/15)

Altars:


Innate Abilities, Weirdness & Mutations

You cannot wear armour.
You are incapable of wielding weapons or throwing items.
Your paws allow you to move quietly. (Stealth)
You have sharp claws.
You have razor-sharp teeth.
You have supernaturally acute eyesight. (SInv)
You are carnivorous and can eat meat at any time.
You cover ground quickly.
You are covered in fur. (AC +1)
You have a slow metabolism.
Your sharp claws are effective at attacking unaware monsters.


Message History

You feel blessed for a moment.
It was a scroll of remove curse.
You feel sick.
As you read the scroll labeled OQUTOF SUCWE, it crumbles to dust.
You feel strangely unstable.
It was a scroll of teleportation.
You feel sick.
As you read the scroll labeled HENTOIDWAU, it crumbles to dust.
It is a scroll of identify.
You don't have any unidentified items.
* * * LOW HITPOINT WARNING * * *
You feel sick.
Your transformation is almost over.
* * * LOW HITPOINT WARNING * * *
You feel sick.
Your surroundings suddenly seem different.
* * * LOW HITPOINT WARNING * * *
You feel sick.
* * * LOW HITPOINT WARNING * * *
You feel sick.
* * * LOW HITPOINT WARNING * * *
You feel sick.
Your horns disappear.
You die...

.............................>#
.#.#.#..##.....)†..†.........##
.#.#.#..##..........#.####...#
##.#.#......(.......#....#...#
##.#.##.###.........####.#...#
.....#...................#...#
..#.##..################.#...#
#...##..##################...#
##..##..........@............#
# #.####.###################..#
# #.# #.# #..# # #.## #.# #..#
# ##..###.# #..# # ###..##.#
########### #..# # ####..#.#
#.........# #..#..####
≈≈###.#.# #.........#
#..#[..... ≈≈≈≈#.#.#
#.........# #..#.#####


There were no monsters in sight!

Vanquished Creatures
  An ooze (D:1)
  A dart slug (D:1)
  4 bats (D:1)
  4 hobgoblins (D:1)
  6 kobolds (D:1)
  3 frilled lizards (D:1)
  4 goblins (D:1)
  2 rats (D:1)
25 creatures vanquished.

Notes
Turn   | Place    | Note
-------+----------+-------------------------------------------
     0 | D:1      | Arixos the Felid Transmuter began the quest for the Orb.
     0 | D:1      | Reached XP level 1. HP: 9/9 MP: 4/4
    60 | D:1      | Reached XP level 2. HP: 10/12 MP: 4/6
   111 | D:1      | Reached skill level 1 in Stealth
   924 | D:1      | Reached XP level 3. HP: 15/15 MP: 7/7
  1227 | D:1      | Succumbed to a kobold's poison

Levels and vault maps discovered:
D:1:      denvon_arrival_waterhouse, layout_basic

Skill      XL: |  1  2 |
---------------+-------+-----
Dodging        | 3 |  3.2
Stealth        | 1 |  1.4
Fighting       | |  1.6
Unarmed Combat | |  3.2
Spellcasting   | |  2.1
Transmutations | |  2.5

Action                   || total
-------------------------++-------
Melee: Unarmed           ||    59
       Headbutt          ||    10
       Punch             ||     1
       Bite              ||     1
 Cast: Beastly Appendage ||    10
  Use: Scroll            ||     4
 Stab: Sleeping          ||     5
  Eat: Chunk             ||     8
Armor: Skin              ||     5
Dodge: Dodged            ||    63

Table legend:
 A = Non-vault XP
 B = Vault XP
 C = Vault XP percentage of total XP
 D = Non-vault monster count
 E = Vault monster count
 F = Vault count percentage of total count
                 A         B        C        D         E       F
            +---------+---------+-------+---------+---------+-------
      Total |      44 |       0 |   0.0 |      25 |       0 |   0.0
            +---------+---------+-------+---------+---------+-------
        D:1 |      44 |       0 |   0.0 |      25 |       0 |   0.0
            +---------+---------+-------+---------+---------+-------
